AoeStats
← Kritika

Nomad

510920994Analyzed
4v4 RM · 12h ago on Oct 3, 2026· 45m 7s· 8 players
Game mode
Random Map
Map size
231×231
Population
200
Speed
Normal
Resources
Standard
Victory
Conquest
Starting age
Dark Age
Ending age
Imperial Age
RankedLock teamsTeams togetherTeam positionsShared explorationLock speedFull tech treeHidden civsTurbo modeCheats
Victory
Defeat
🇮🇳 Poles · India
1398
+15
🇹🇼 Persians · Taiwan
1375
+16
🇭🇰 Saracens · Hong Kong SAR China
1373
+16
🇯🇵 Spanish · Japan
1361
+17
🇺🇸 Teutons · United States
1453
-18
🇺🇸 Muisca · United States
1385
-16
🇹🇼 Berbers · Taiwan
1350
-15
🇺🇸 Danes · United States
1341
-15
Kritika
12:54 Feudal Age
17:19 Castle Age
15:51 Double-Bit Axe
15:46 Horse Collar
18:32 Bow Saw
20:36 Heavy Plow
21:17 Wheelbarrow
23:35 Gold Mining
25:10 Hand Cart
25:13 Stone Mining
29:46 Imperial Age
29:32 Bloodlines
29:22 Husbandry
29:29 Scale Barding Armor
28:46 Light Cavalry
30:02 Winged Hussar
31:04 Chain Barding Armor
30:55 Forging
31:09 Conscription
31:27 Lechitic Legacy
33:32 Iron Casting
35:17 Blast Furnace
34:25 Cavalier
35:59 Capped Ram
37:51 Siege Ram
FoldedAunt23528
5:08 Loom
13:44 Feudal Age
14:33 Double-Bit Axe
19:13 Castle Age
17:18 Stone Mining
17:45 Horse Collar
25:21 Stone Shaft Mining
36:01 Bow Saw
36:31 Town Watch
37:21 Wheelbarrow
39:00 Wheelbarrow
43:32 Gold Mining
43:51 Heavy Plow
47:44 Imperial Age
TW_彰化人
13:15 Feudal Age
11:31 Loom
18:56 Castle Age
20:41 Double-Bit Axe
21:27 Horse Collar
22:36 Bow Saw
24:35 Heavy Plow
26:07 Wheelbarrow
28:17 Scale Barding Armor
31:15 Imperial Age
29:16 Hand Cart
28:54 Gold Mining
30:10 Chain Barding Armor
30:01 Forging
30:02 Fishing Lines
31:02 Husbandry
31:13 Bloodlines
31:20 Cavalier
33:31 Plate Barding Armor
32:29 Light Cavalry
35:04 Iron Casting
34:05 Hussar
35:34 Savar
37:55 Blast Furnace
38:31 Crop Rotation
41:05 Two-Man Saw
42:14 Town Watch
43:32 Conscription
43:10 Stone Mining
43:55 Gold Shaft Mining
The Crusades Crusader
3:46 Loom
14:20 Feudal Age
18:47 Castle Age
17:02 Stone Mining
17:06 Double-Bit Axe
17:56 Gold Mining
18:22 Horse Collar
19:58 Bow Saw
26:58 Scale Barding Armor
29:29 Husbandry
33:34 Fletching
37:18 Bloodlines
38:16 Forging
41:02 Wheelbarrow
40:13 Town Watch
42:26 Gold Shaft Mining
42:13 Crossbowman
42:49 Bodkin Arrow
43:15 Ballistics
44:14 Iron Casting
44:33 Thumb Ring
45:18 Padded Archer Armor
48:01 Imperial Age
jules
4:54 Loom
12:03 Loom
14:33 Feudal Age
16:23 Fletching
18:44 Castle Age
18:57 Padded Archer Armor
18:48 Fletching
20:45 Padded Archer Armor
23:05 Double-Bit Axe
25:23 Wheelbarrow
31:24 Imperial Age
29:56 Leather Archer Armor
29:38 Bodkin Arrow
hoffypianoman
8:37 Loom
13:46 Feudal Age
17:54 Castle Age
16:21 Bloodlines
16:33 Double-Bit Axe
17:44 Scale Barding Armor
17:52 Horse Collar
19:00 Bow Saw
25:39 Heavy Plow
26:46 Chain Barding Armor
27:51 Forging
29:01 Scale Mail Armor
30:10 Gold Mining
31:31 Wheelbarrow
33:23 Hand Cart
36:10 Imperial Age
33:49 Fletching
36:09 Iron Casting
35:46 Bodkin Arrow
37:48 Chain Mail Armor
38:12 Elite Teutonic Knight
39:41 Conscription
39:57 Plate Mail Armor
40:18 Squires
IAMDAGG
13:49 Feudal Age
17:31 Castle Age
30:51 Imperial Age
31:59 Fletching
32:09 Padded Archer Armor
Eight
6:20 Loom
15:57 Feudal Age
21:31 Castle Age
21:04 Double-Bit Axe
23:57 Fletching
30:04 Wheelbarrow
31:28 Bodkin Arrow
32:24 Fishing Lines
Connection lost

Rejoining the realm…

Still unreachable

The connection could not be restored.

Session expired

The server has moved on; the page needs a fresh start.